 Dungeon Crawl Stone Soup version 0.28.0-53-g5a82cb258f (webtiles) character file.

Game seed: 121441468617565854

230 BiggyShaggy the Covered (level 5, -2/47 HPs)
             Began as a Minotaur Fighter on June 25, 2022.
             Slain by Grinder (6 damage)
             ... on level 3 of the Dungeon.
             The game lasted 00:17:31 (1851 turns).

BiggyShaggy the Covered (Minotaur Fighter)          Turns: 1851, Time: 00:17:32

Health: -2/47      AC:  7    Str: 22    XL:     5   Next: 72%
Magic:  4/4        EV:  9    Int:  5    God:
Gold:   36         SH:  0    Dex: 10    Spells: 4/4 levels left

rFire   . . .      SeeInvis .   d - +0 scythe
rCold   . . .      Faith    .   (shield currently unavailable)
rNeg    . . .      Spirit   .   b - +0 scale mail
rPois   .          Reflect  .   (helmet restricted)
rElec   .          Harm     .   (no cloak)
rCorr   .          Rampage  .   (no gloves)
Will    .....                   (no boots)
Stlth   ..........              (no amulet)
HPRegen 0.15/turn               (no ring)
MPRegen 0.09/turn               (no ring)

@: brilliant
A: horns 2, retaliatory headbutt
a: no special abilities


You were on level 3 of the Dungeon.
You visited 1 branch of the dungeon, and saw 3 of its levels.

You collected 36 gold pieces.

Inventory:

Hand Weapons
 a - a +0 trident
 d - a +0 scythe (weapon)
Missiles
 g - 8 stones (quivered)
Armour
 b - a +0 scale mail (worn)
 c - a +0 buckler
Jewellery
 f - a ring of fire
Potions
 e - a potion of berserk rage {unknown}
 h - a potion of heal wounds {unknown}
 i - a potion of brilliance


   Skills:
 + Level 4.7 Fighting
 * Level 4.8 Polearms
 + Level 4.8 Armour
 - Level 4.7 Shields


You had 4 spell levels left.
You didn't know any spells.
Your spell library contained the following spells:

 Spells                   Type           Power      Damage    Failure   Level
 Animate Skeleton         Necr           0%         N/A       78%         1
 Apportation              Tloc           0%         N/A       78%         1
 Summon Small Mammal      Summ           0%         N/A       78%         1
 Confusing Touch          Hex            0%         N/A       98%         3
 Tukima's Dance           Hex            0%         N/A       98%         3
 Passage of Golubria      Tloc           0%         N/A       100%        4
 Yara's Violent Unravell  Hex/Tmut       0%         3d3       100%        5
 Enfeeble                 Hex            0%         N/A       100%        7


Dungeon Overview and Level Annotations

Branches:
Dungeon (3/15)

Altars:
Cheibriados

Annotations:
D:3 Grinder


Innate Abilities, Weirdness & Mutations

You have a pair of horns on your head.
You reflexively headbutt those who attack you in melee.


Message History

You see here a hobgoblin corpse.
You start resting.
HP restored.
Grinder comes into view.
Grinder shouts!
Grinder gestures at you. You resist with significant effort.
Grinder gestures at you. Pain shoots through your body!
Grinder gestures at you.
You suddenly lose the ability to move!
Grinder gestures at you.
You shrug off the repeated paralysis!
Grinder hits you but does no damage.
You can move again.
You hit Grinder but do no damage. Grinder hits you.
You writhe in agony.
You closely miss Grinder. Grinder hits you.
You writhe in agony.
Grinder gestures at you.
You shrug off the repeated paralysis!
You closely miss Grinder. Grinder closely misses you. Grinder hits you!
You writhe in agony.
* * * LOW HITPOINT WARNING * * *
You are too injured to fight recklessly!
You are too injured to fight recklessly!
You are too injured to fight recklessly!
You are too injured to fight recklessly!
You are too injured to fight recklessly!
You are too injured to fight recklessly!
You are too injured to fight recklessly!
You are too injured to fight recklessly!
You are too injured to fight recklessly!
You barely miss Grinder. You headbutt Grinder, but do no damage.
Grinder hits you but does no damage. Grinder hits you.
* * * LOW HITPOINT WARNING * * *
You writhe in agony.
* * * LOW HITPOINT WARNING * * *
It was a potion of brilliance.
You feel clever all of a sudden. Grinder hits you.
You die...

#.# #.#
######.####
#.........#
#.5.......#
#.........#
#.........#
######5#### #@#
#.# #.# #.# #.#
####.## #.....#
#.....#########
#......†......#


You could see Grinder.

Vanquished Creatures
  Sigmund (D:2)
  Terence (D:2)
  An adder (D:3)
  A worm (D:2)
  2 endoplasms
  A giant cockroach (D:1)
  4 goblins
  3 hobgoblins
  2 quokkas
  2 ball pythons (D:1)
  3 bats
  4 kobolds
  6 rats
31 creatures vanquished.

Notes
Turn   | Place    | Note
-------+----------+-------------------------------------------
     0 | D:1      | BiggyShaggy the Minotaur Fighter began the quest for the
                  | Orb.
     0 | D:1      | Reached XP level 1. HP: 19/19 MP: 0/0
   239 | D:1      | Reached XP level 2. HP: 27/27 MP: 1/1
   916 | D:2      | Found a snail-covered altar of Cheibriados.
   918 | D:2      | Noticed Sigmund
   926 | D:2      | Killed Sigmund
   927 | D:2      | Reached XP level 3. HP: 20/34 MP: 2/2
   927 | D:2      | Reached XP level 4. HP: 24/41 MP: 3/3
   927 | D:2      | Reached XP level 5. HP: 28/47 MP: 4/4
  1289 | D:2      | Noticed Terence
  1301 | D:2      | Killed Terence
  1837 | D:3      | Noticed Grinder
  1843 | D:3      | Paralysed by Grinder for 4 turns
  1851 | D:3      | Slain by Grinder

Illustrated notes

Levels and vault maps discovered:
D:1:      elethiomel_arrival_maze, layout_basic
D:2:      layout_basic, basic_altar, minmay_fountain_box, uniq_sigmund,
          uniq_terence
D:3:      layout_basic, uniq_grinder

Skill      XL: |  1  2 |
---------------+-------+-----
Shields        | 4 |  4.7
Fighting       | 4 |  4.7
Polearms       | 4 |  4.8
Armour         | 4 |  4.8

Action                   |  1- 3 |  4- 6 || total
-------------------------+-------+-------++-------
Melee: Trident           |    35 |       ||    35
       Headbutt          |     5 |     6 ||    11
       Scythe            |       |    41 ||    41
  Use: Potion            |     1 |     1 ||     2
       Scroll            |       |     1 ||     1
Armor: Scale mail        |    16 |    18 ||    34
Dodge: Dodged            |    17 |    23 ||    40
Block: Buckler           |     3 |       ||     3
